 Dungeon Crawl Stone Soup version 0.29.0-4-gdea44cf6ec (webtiles) character file.

Game seed: 6931921479248417496

71 qw the Chopper (level 4, -1/26 HPs)
             Began as a Tengu Warper on Aug 28, 2022.
             Slain by a gnoll
             ... wielding a +0 whip
              (5 damage)
             ... on level 3 of the Dungeon.
             The game lasted 00:00:10 (1853 turns).

qw the Chopper (Tengu Warper)                       Turns: 1853, Time: 00:00:10

Health: -1/26      AC:  8    Str: 13    XL:     4   Next: 24%
Magic:  8/8        EV:  6    Int: 13    God:
Gold:   149        SH:  0    Dex: 14    Spells: 7/7 levels left

rFire   . . .      SeeInvis .   Y - +2 war axe
rCold   . . .      Faith    .   (no shield)
rNeg    . . .      Spirit   .   h - +0 chain mail
rPois   .          Reflect  .   (helmet restricted)
rElec   .          Harm     .   (no cloak)
rCorr   .          Rampage  .   (no gloves)
Will    .....                   (boots unavailable)
Stlth   ..........              e - amulet of regeneration
HPRegen 0.88/turn               (no ring)
MPRegen 0.11/turn               (no ring)

@: about to teleport
A: beak, talons 3
a: no special abilities


You were on level 3 of the Dungeon.
You visited 1 branch of the dungeon, and saw 3 of its levels.

You collected 149 gold pieces.


Innate Abilities, Weirdness & Mutations

You have a beak for a mouth.
You have claws for feet.


   Skills:
 - Level 2.0 Fighting
 + Level 4.8 Axes
 - Level 1.0 Throwing
 - Level 1.1 Armour
 - Level 2.1 Dodging
 - Level 2.0 Spellcasting
 - Level 2.4 Translocations


You had 7 spell levels left.
You didn't know any spells.
Your spell library contained the following spells:

 Spells                   Type           Power      Damage    Failure   Level
 Blink                    Tloc           14%        N/A       99%         2
 Gell's Gravitas          Tloc           7%         N/A       100%        3
 Lesser Beckoning         Tloc           7%         N/A       100%        3
 Teleport Other           Tloc           7%         N/A       100%        3
 Manifold Assault         Tloc           7%         N/A       100%        5

Inventory:

Hand Weapons
 c - a +0 flail
 Y - a +2 war axe (weapon)
Armour
 a - a +0 pair of gloves
 h - a +0 chain mail (worn)
Jewellery
 e - an amulet of regeneration (around neck)
Scrolls
 i - a scroll of teleportation
Potions
 b - a potion of lignification {unknown}
 f - a potion of curing {unknown}
 g - a potion of brilliance {unknown}
 j - a potion of flight {unknown}

Dungeon Overview and Level Annotations

Branches:
Dungeon (3/15)

Altars:
Fedhas
Makhleb


Message History

b - a bubbling coppery potion
Found a stone staircase leading up.
Enter note: 2 gnolls come into view.
The gnoll shouts! x2; You hear a shout!
A gnoll comes into view. It is wielding a +0 whip.
The gnoll shouts!
1843 ||| Stepping ~*~*~tactically~*~*~ (hiding).
You hit the gnoll.
The gnoll is lightly wounded.
The gnoll hits you with a +0 flail!
You hit the gnoll but do no damage. You claw the gnoll, but do no damage.
You peck the gnoll.
The gnoll is moderately wounded.
The gnoll hits you with a +0 flail.
You hit the gnoll but do no damage. You claw the gnoll.
The gnoll is severely wounded.
The gnoll hits you with a +0 flail!
You barely miss the gnoll.
The gnoll is severely wounded.
You closely miss the gnoll. The gnoll closely misses you.
The gnoll barely misses you.
You hit the gnoll.
You kill the gnoll!
You barely miss the gnoll. The gnoll hits you with a +0 whip.
You hit the gnoll. Your peck misses the gnoll.
The gnoll is lightly wounded.
The gnoll hits you but does no damage.
You closely miss the gnoll.
The gnoll is lightly wounded.
The gnoll hits you with a +0 whip! The gnoll hits you with a +0 whip.
1852 ||| READING 2 scrolls of teleportation.
As you read the scroll of teleportation, it crumbles to dust.
You feel strangely unstable. The gnoll hits you but does no damage.
You barely miss the gnoll. Your kick misses the gnoll.
The gnoll is lightly wounded.
The gnoll hits you with a +0 whip.
You die...

#....... #...... ......
## #..gg #.< #g..
.#...##.. .......g### ###
#.# ....# #)@.# ##... #
.. ....#####.##.....
###.# #.............###
..... ###...#####........
#....##...#....#...#.....
...................###...
.##.#.~~~~~~~~~.....#####
.##...~.......~.....>.###
....#.~.#####.~..........


You could see 2 gnolls.

Vanquished Creatures
  2 adders (D:2)
  A gnoll (D:3)
  A dart slug (D:1)
  3 orcs (D:2)
  4 endoplasms
  3 giant cockroaches (D:1)
  2 goblins
  4 hobgoblins
  4 kobolds
  6 ball pythons
  2 bats (D:1)
  A frilled lizard (D:1)
  4 rats
37 creatures vanquished.

Notes
Turn   | Place    | Note
-------+----------+-------------------------------------------
     0 | D:1      | qw the Tengu Warper began the quest for the Orb.
     0 | D:1      | Reached XP level 1. HP: 12/12 MP: 4/4
     0 | D:1      | 0 ||| qw: Version: 0.1-a-89-g26bdef1
     0 | D:1      | 0 ||| qw: Game counter: 1848
     0 | D:1      | 0 ||| qw: Always use a shield: true
     0 | D:1      | 0 ||| qw: God list: Okawaru
     0 | D:1      | 0 ||| qw: Allow faded altars: false
     0 | D:1      | 0 ||| qw: Do Orc after D:15 true
     0 | D:1      | 0 ||| qw: Do second Lair branch before Depths: true
     0 | D:1      | 0 ||| qw: Lair rune preference: random
     0 | D:1      | 0 ||| qw: Plans: Normal
     0 | D:1      | 0 ||| PLANNING D:1-11
    74 | D:1      | 74 ||| Stepping ~*~*~tactically~*~*~ (hiding).
   186 | D:1      | Reached XP level 2. HP: 17/17 MP: 6/6
   191 | D:1      | Reached skill level 3 in Axes
   850 | D:1      | 850 ||| UPGRADING to amulet of regeneration.
   855 | D:1      | 855 ||| READING scroll labelled MASUNAYGILI.
   856 | D:1      | 856 ||| READING scroll labelled KYGAXE ROLU.
   859 | D:1      | 859 ||| DROPPING scroll of blinking.
   896 | D:2      | Reached XP level 3. HP: 21/21 MP: 7/7
   926 | D:2      | Reached skill level 4 in Axes
   937 | D:2      | Found a faded altar of an unknown god.
   942 | D:2      | 942 ||| Stepping ~*~*~tactically~*~*~ (stealth).
   949 | D:2      | HP: 1/21 [orc/+0 war axe (7)]
   977 | D:2      | 977 ||| Stepping ~*~*~tactically~*~*~ (stealth).
   978 | D:2      | 978 ||| SWAPPING to +0 war axe.
   989 | D:2      | 989 ||| DROPPING +0 club.
   990 | D:2      | 990 ||| DROPPING +0 hand axe.
  1210 | D:2      | Found a blossoming altar of Fedhas.
  1709 | D:2      | 1709 ||| UPGRADING to +0 chain mail.
  1719 | D:2      | 1719 ||| DROPPING +0 leather armour.
  1720 | D:2      | 1720 ||| READING 2 scrolls labelled VOIHAI TEFING.
  1721 | D:2      | 1721 ||| READING scroll of enchant weapon.
  1721 | D:2      | 1721 ||| ENCHANTING +1 war axe.
  1753 | D:3      | Reached XP level 4. HP: 26/26 MP: 8/8
  1771 | D:3      | 1771 ||| Stepping ~*~*~tactically~*~*~ (stealth).
  1774 | D:3      | 1774 ||| Stepping ~*~*~tactically~*~*~ (stealth).
  1780 | D:3      | Found a burning altar of Makhleb.
  1843 | D:3      | 1843 ||| Stepping ~*~*~tactically~*~*~ (hiding).
  1851 | D:3      | HP: 6/26 [gnoll/+0 whip (8)]
  1851 | D:3      | HP: 2/26 [gnoll/+0 whip (4)]
  1852 | D:3      | 1852 ||| READING 2 scrolls of teleportation.
  1853 | D:3      | Slain by a gnoll

Levels and vault maps discovered:
D:1:      wander_arrival_peaceful_grave, layout_loops_ring,
          dreamdust_wishing_well
D:2:      layout_basic, shapermc_ecumenical_altar_totnotflames, basic_altar
D:3:      layout_rooms, mainiacjoe_overflow_brackets, serial_shops, shop,
          nicolae_shop_temple_entry_statues_fountains

Skill      XL: |  1  2  3 |
---------------+----------+-----
Axes           | 3 4 |  4.8
Fighting       | |  2.0
Throwing       | |  1.0
Armour         | |  1.1
Dodging        | |  2.1
Spellcasting   | |  2.0
Translocations | |  2.4

Action                   |  1- 3 |  4- 6 || total
-------------------------+-------+-------++-------
Melee: Hand axe          |    47 |       ||    47
       Kick              |    13 |     4 ||    17
       Peck              |    11 |     2 ||    13
       War axe           |    17 |    16 ||    33
Throw: Boomerang         |     8 |       ||     8
  Use: Scroll            |     4 |     1 ||     5
Armor: Leather armour    |     9 |       ||     9
       Chain mail        |       |     8 ||     8
Dodge: Dodged            |    34 |     2 ||    36

Table legend:
 A = Non-vault XP
 B = Vault XP
 C = Vault XP percentage of total XP
 D = Non-vault monster count
 E = Vault monster count
 F = Vault count percentage of total count
                 A         B        C        D         E       F
            +---------+---------+-------+---------+---------+-------
      Total |     102 |       0 |   0.0 |      37 |       0 |   0.0
            +---------+---------+-------+---------+---------+-------
        D:1 |      30 |       0 |   0.0 |      17 |       0 |   0.0
        D:2 |      51 |       0 |   0.0 |      14 |       0 |   0.0
        D:3 |      21 |       0 |   0.0 |       6 |       0 |   0.0
            +---------+---------+-------+---------+---------+-------
